 Dungeon Crawl Stone Soup version 0.29-a0-887-gcbe080d7e0 (webtiles) character file.

Game seed: 13985425320815401827

51 IdlyInterested the Insei (level 3, -2/29 HPs)
             Began as a Demonspawn Wanderer on July 21, 2022.
             Slain by a gnoll
             ... wielding a +0 flail
              (4 damage)
             ... on level 2 of the Dungeon.
             The game lasted 00:04:15 (1598 turns).

IdlyInterested the Insei (Demonspawn Wanderer)      Turns: 1598, Time: 00:04:16

Health: -2/29      AC:  4    Str: 11 (12) XL:     3   Next: 57%
Magic:  4/4        EV: 11    Int: 14 (15) God:
Gold:   105        SH:  0    Dex:  9 (12) Spells: 3/4 levels left

rFire   . . .      SeeInvis .   g - +0 mace (pain)
rCold   . . .      Faith    .   (no shield)
rNeg    . . .      Spirit   .   e - +0 robe
rPois   .          Reflect  .   (no helmet)
rElec   .          Harm     .   (no cloak)
rCorr   .          Rampage  .   n - +0 pair of gloves
Will    .....                   l - +0 pair of boots
Stlth   +.........              (no amulet)
HPRegen 0.09/turn               (no ring)
MPRegen 0.09/turn               (no ring)

@: no status effects
A: powered by pain 1, demonic touch 1
a: no special abilities


You were on level 2 of the Dungeon.
You visited 1 branch of the dungeon, and saw 2 of its levels.

You collected 105 gold pieces.

Inventory:

Hand Weapons
 a - a +0 dagger
 g - a +0 mace of pain (weapon)
Armour
 e - a +0 robe (worn)
 l - a +0 pair of boots (worn)
 n - a +0 pair of gloves (worn)
Scrolls
 c - a scroll of silence
 d - 2 scrolls of fear
 f - a scroll of blinking
 h - a scroll of amnesia {unknown}
 i - 2 scrolls of identify {unknown}
Potions
 b - a potion of haste
 j - a potion of degeneration
 k - a potion of lignification {unknown}
 m - 2 potions of curing {unknown}


   Skills:
 + Level 3.5 Fighting
 - Level 1.0 Armour
 - Level 1.0 Stealth
 * Level 4.6 Unarmed Combat
 - Level 1.0 Spellcasting
 + Level 1.5 Conjurations
 - Level 1.0 Air Magic


You had 3 spell levels left.
You knew the following spells:

 Your Spells              Type           Power      Damage    Failure   Level
a - Shock                 Conj/Air       16%        1d4       16%         1

Your spell library contained the following spells:

 Spells                   Type           Power      Damage    Failure   Level
 Mephitic Cloud           Conj/Pois/Air  3%         N/A       50%         3


Dungeon Overview and Level Annotations

Branches:
Dungeon (2/15)

Altars:


Innate Abilities, Weirdness & Mutations

You sometimes gain a little power by taking damage.
Your touch may inflict minor irresistible damage on your foes.


Message History

Your hands begin to faintly glow with unholy energy.
There are no items here.
You climb upwards.
There is a stone staircase leading down here.
You start resting.
HP restored.
Magic restored.
There is an escape hatch in the floor here.
You slide downwards.
The hatch slams shut behind you.
The gnoll shouts! x3
The gnoll barely misses you. x2
Found an agate ring.
You hit the gnoll.
You touch the gnoll!
You kill the gnoll!
The gnoll hits you from afar with a +0 halberd.
Training target 1.0 for Armour reached!
Your Armour skill increases to level 1!
You hit the gnoll but do no damage. The gnoll hits you with a +0 halberd.
The gnoll barely misses you. x3
You hit the gnoll.
The gnoll is lightly wounded.
The gnoll closely misses you. The gnoll hits you but does no damage.
The gnoll hits you with a +0 halberd!
You hit the gnoll but do no damage.
You touch the gnoll!
The gnoll is almost dead.
The gnoll misses you. The gnoll barely misses you.
The gnoll hits you but does no damage.
You hit the gnoll.
You kill the gnoll!
The gnoll barely misses you. The gnoll misses you.
The gnoll hits you from afar with a +0 spear.
The gnoll hits you with a +0 flail!
* * * LOW HITPOINT WARNING * * *
You hit the gnoll but do no damage. Your punch misses the gnoll.
The gnoll barely misses you. x2
It was a potion of degeneration.
There was something very wrong with that liquid.
You feel weakened.
You feel dopey.
You feel clumsy. The gnoll barely misses you.
The gnoll hits you with a +0 flail.
You die...

.....## #.# ##.#... ..
..## ..... ... ...# .
#.#.# ###.####..# ..#.#.#
#..... ...##
......####.#.####...#####
......†...........)......
..#........######.#
................@)#
..#........######g#
..#.......<# #g# .
#.......## ...
..........# #=##
.##........ #.#
#.##.##... ... #. #.
#..S. .. # #. #....


You could see 2 gnolls.

Vanquished Creatures
  2 gnolls (D:2)
  An adder (D:2)
  A dart slug (D:1)
  3 ball pythons
  A bat (D:1)
  2 endoplasms (D:1)
  A goblin (D:1)
  A hobgoblin (D:1)
  3 kobolds (D:1)
  2 quokkas
  A frilled lizard (D:1)
  2 rats (D:1)
20 creatures vanquished.

Vanquished Creatures (others)
  A plant (D:1)
1 creature vanquished.

Grand Total: 21 creatures vanquished

Notes
Turn   | Place    | Note
-------+----------+-------------------------------------------
     0 | D:1      | IdlyInterested the Demonspawn Wanderer began the quest for
                  | the Orb.
     0 | D:1      | IdlyInterested set off with the following items: a +0 club,
                  | a potion of haste, a scroll of silence, a scroll of fear, a
                  | +0 robe, a scroll of blinking; and the following spell
                  | memorised: Shock; and the following spells available to
                  | memorise: Mephitic Cloud.
     0 | D:1      | Reached XP level 1. HP: 18/18 MP: 2/2
   451 | D:1      | Reached skill level 1 in Stealth
   468 | D:1      | Gained mutation: You sometimes gain a little power by
                  | taking damage. [demonic ancestry]
   468 | D:1      | Reached XP level 2. HP: 24/24 MP: 0/3
   683 | D:1      | Found a faded altar of an unknown god.
   765 | D:1      | Reached skill level 1 in Conjurations
  1516 | D:2      | Gained mutation: Your touch may inflict minor irresistible
                  | damage on your foes. [demonic ancestry]
  1516 | D:2      | Reached XP level 3. HP: 26/29 MP: 1/4
  1592 | D:2      | Reached skill level 1 in Armour
  1596 | D:2      | HP: 1/29 [gnoll/+0 flail (8)]
  1598 | D:2      | Slain by a gnoll

Illustrated notes

Levels and vault maps discovered:
D:1:      tarquinn_simple_flora_water_a, layout_loops_ring, serial_forest,
          infiniplex_forest_pool, infiniplex_forest_lined_room_,
          infiniplex_forest_clump_medium, infiniplex_forest_side_room,
          infiniplex_forest_side_room, infiniplex_forest_lined_2,
          shapermc_ecumenical_altar_totnotflames, hangedman_feature_mirror,
          minmay_misc_feat_alley
D:2:      layout_basic

Skill      XL: |  1  2  3 |
---------------+----------+-----
Stealth        | 1 |  1.0
Conjurations   | 1 |  1.5
Armour         | 1 |  1.0
Fighting       | |  3.5
Unarmed Combat | |  4.6
Spellcasting   | |  1.0
Air Magic      | |  1.0

Action                   || total
-------------------------++-------
Melee: Mace              ||    64
       Punch             ||     3
       Touch             ||     2
 Cast: Shock             ||     9
  Use: Potion            ||     1
 Stab: Sleeping          ||     4
Armor: Robe              ||    13
Dodge: Dodged            ||    50

Table legend: (Time is in decaauts)
 A = Elapsed time spent in this place.
 B = Non-inter-level travel time spent in this place.
 C = Inter-level travel time spent in this place.
 D = Time resting spent in this place.
 E = Time spent auto-exploring this place.
 F = Levels seen in this place.
 G = Mean time per level.
                   A        B        C        D        E       F      G
               +--------+--------+--------+--------+--------+-----+--------+
         Total |   1625 |   1403 |    222 |    336 |    808 |   2 |  812.5 |
       Dungeon |   1625 |   1403 |    222 |    336 |    808 |   2 |  812.5 |
               +--------+--------+--------+--------+--------+-----+--------+

Top non-repeatable levels by time:
     D:1: 1546 daAuts
     D:2: 78 daAuts
